General information
- name: ATempT P:| L:19
- type: Custom game
- host: ATempT
- saver: debinhalencar
map: Everfrost
- players: 6
- length: 25:39
- speed: Fast
- version: 1.23 W3XP
- replay type: Public
» download(239 KB)
Players
team 1 (winner)
ATempT (
red | 107 APM | 2748 actions | 25:37)
6 Blademaster
3 Wind Walk
2 Critical Strike
1 Bladestorm
3 Shadow Hunter
1 Hex
2 Healing Wave
» actions
| Assign group hotkey | 54 | |
| Build / train | 56 | |
| Enter build submenu | 21 | |
| Enter hero's abilities submenu | 9 | |
| Give item / drop item | 1 | |
| Right click | 1639 | |
| Select / deselect | 240 | |
| Select group hotkey | 649 | |
| Use ability | 79 | |
2748 total
» units
» upgrades
| Melee Weapons | 1 | |
| Berserker Strength | 1 | |
| Envenomed Spears | 1 | |
3 total
» buildings
| Altar of Storms | 1 | |
| Orc Burrow | 8 | |
| Barracks | 2 | |
| Voodoo Lounge | 1 | |
| Stronghold | 1 | |
| War Mill | 2 | |
| Beastiary | 3 | |
| Fortress | 2 | |
| Tauren Totem | 1 | |
21 total
» build order
00:04 Altar of Storms
00:16 Orc Burrow
00:18 Orc Burrow
00:38 Barracks
00:59 Barracks
01:48 Orc Burrow
02:09 Voodoo Lounge
03:13 Stronghold
03:23 War Mill
03:31 Orc Burrow
04:17 War Mill
05:40 Beastiary
05:44 Beastiary
08:09 Orc Burrow
09:32 Orc Burrow
14:35 Fortress
14:35 Fortress
14:37 Orc Burrow
15:07 Beastiary
19:05 Tauren Totem
19:13 Orc Burrow
» items
| Boots of Speed | 1 | |
| Circlet of Nobility | 1 | |
| Healing Salve | 2 | |
| Potion of Healing | 1 | |
| Orb of Fire | 1 | |
| Scroll of Regeneration | 1 | |
7 total
_NIKOLLAS_ (
teal | 29 APM | 732 actions | 25:37)
3 Death Knight
2 Death Coil
1 Unholy Aura
1 Dreadlord
1 Sleep
» actions
| Assign group hotkey | 7 | |
| Build / train | 63 | |
| Enter build submenu | 17 | |
| Enter hero's abilities submenu | 4 | |
| Remove unit from queue | 7 | |
| Right click | 253 | |
| Select / deselect | 291 | |
| Select group hotkey | 49 | |
| Use ability | 41 | |
732 total
» units
| Acolyte | 7 | |
| Ghoul | 4 | |
| Crypt Fiend | 30 | |
41 total
» upgrades
| Unholy Strength | 0 | |
| Creature Attack | 2 | |
| Creature Carapace | 2 | |
| Web | 1 | |
5 total
» buildings
| Altar of Darkness | 1 | |
| Ziggurat | 8 | |
| Crypt | 1 | |
| Graveyard | 1 | |
| Spirit Tower | 5 | |
| Halls of the Dead | 1 | |
| Black Citadel | 1 | |
| Sacrificial Pit | 1 | |
19 total
» build order
00:08 Altar of Darkness
00:11 Ziggurat
00:32 Crypt
00:57 Graveyard
01:19 Ziggurat
02:47 Spirit Tower
03:03 Ziggurat
03:21 Spirit Tower
04:01 Ziggurat
05:07 Spirit Tower
08:14 Ziggurat
08:18 Ziggurat
08:32 Ziggurat
10:01 Spirit Tower
10:22 Halls of the Dead
10:39 Ziggurat
12:41 Spirit Tower
19:56 Black Citadel
20:03 Sacrificial Pit
debinhalencar (
yellow | 140 APM | 3583 actions | 25:39)
7 Archmage
3 Summon Water Elemental
3 Brilliance Aura
1 Mass Teleport
4 Mountain King
2 Storm Bolt
2 Bash
» actions
| Assign group hotkey | 60 | |
| Basic commands | 251 | |
| Build / train | 166 | |
| ESC pressed | 8 | |
| Enter build submenu | 43 | |
| Enter hero's abilities submenu | 12 | |
| Give item / drop item | 1 | |
| Right click | 1686 | |
| Select / deselect | 826 | |
| Select group hotkey | 287 | |
| Use ability | 241 | |
3583 total
» units
| Peasant | 15 | |
| Footman | 13 | |
| Gryphon Rider | 13 | |
41 total
» upgrades
| Lumber Harvesting | 3 | |
| Masonry | 3 | |
| Animal War Training | 1 | |
| Swords | 3 | |
| Storm Hammers | 1 | |
| Armor | 3 | |
| Plating | 1 | |
15 total
» buildings
| Altar of Kings | 1 | |
| Barracks | 1 | |
| Farm | 14 | |
| Scout Tower | 17 | |
| Arcane Tower | 3 | |
| Keep | 3 | |
| Lumber Mill | 1 | |
| Arcane Vault | 5 | |
| Town Hall | 2 | |
| Guard Tower | 32 | |
| Castle | 2 | |
| Gryphon Aviary | 2 | |
| Blacksmith | 1 | |
| Workshop | 1 | |
85 total
» build order
00:06 Altar of Kings
00:08 Barracks
00:31 Farm
01:02 Farm
01:29 Scout Tower
01:57 Arcane Tower
01:57 Arcane Tower
01:57 Arcane Tower
02:04 Farm
02:05 Farm
03:11 Keep
03:11 Keep
03:11 Keep
03:32 Farm
03:47 Lumber Mill
04:09 Scout Tower
04:15 Arcane Vault
04:39 Scout Tower
04:55 Town Hall
05:06 Guard Tower
05:17 Town Hall
07:29 Castle
07:29 Castle
08:09 Gryphon Aviary
08:41 Scout Tower
08:42 Scout Tower
08:42 Scout Tower
09:13 Guard Tower
09:15 Scout Tower
09:18 Scout Tower
09:19 Scout Tower
09:21 Scout Tower
09:23 Scout Tower
09:38 Guard Tower
09:38 Guard Tower
09:39 Guard Tower
09:39 Guard Tower
09:39 Guard Tower
09:45 Guard Tower
09:45 Guard Tower
09:47 Guard Tower
09:47 Guard Tower
09:49 Guard Tower
09:49 Guard Tower
09:50 Guard Tower
09:50 Guard Tower
09:50 Guard Tower
09:51 Guard Tower
09:59 Gryphon Aviary
10:08 Guard Tower
10:08 Guard Tower
10:34 Blacksmith
10:36 Farm
10:36 Farm
11:27 Farm
11:28 Farm
12:55 Arcane Vault
13:00 Arcane Vault
13:02 Arcane Vault
15:01 Farm
15:02 Farm
15:49 Arcane Vault
17:11 Scout Tower
17:32 Guard Tower
17:32 Guard Tower
17:35 Guard Tower
17:35 Guard Tower
17:35 Guard Tower
17:35 Guard Tower
17:40 Guard Tower
17:40 Guard Tower
18:48 Scout Tower
18:48 Scout Tower
19:16 Farm
19:16 Farm
19:50 Scout Tower
19:51 Scout Tower
20:19 Guard Tower
21:08 Guard Tower
21:08 Guard Tower
21:08 Guard Tower
23:08 Farm
24:12 Workshop
24:31 Scout Tower
» items
| Potion of Healing | 4 | |
| Ivory Tower | 20 | |
| Potion of Mana | 1 | |
| Scroll of Town Portal | 1 | |
| Scroll of Regeneration | 3 | |
| Orb of Fire | 1 | |
30 total
team 2 (loser)

»
yezhonghan (
gray | 40 APM | 757 actions | 18:56)
5 Demon Hunter
3 Immolation
2 Mana Burn
» actions
| Assign group hotkey | 19 | |
| Build / train | 58 | |
| Enter build submenu | 19 | |
| Enter hero's abilities submenu | 5 | |
| Remove unit from queue | 1 | |
| Right click | 265 | |
| Select / deselect | 197 | |
| Select group hotkey | 157 | |
| Use ability | 36 | |
757 total
» units
| Wisp | 19 | |
| Archer | 5 | |
| Huntress | 9 | |
| Druid of the Claw | 3 | |
| Hippogryph | 10 | |
46 total
» upgrades
| Druid of the Claw Training | 2 | |
| Corrosive Breath | 1 | |
3 total
» buildings
| Altar of Elders | 1 | |
| Moon Well | 4 | |
| Ancient of War | 1 | |
| Hunter's Hall | 1 | |
| Ancient Protector | 1 | |
| Tree of Ages | 1 | |
| Ancient of Wonders | 1 | |
| Tree of Eternity | 1 | |
| Ancient of Lore | 1 | |
| Ancient of Wind | 2 | |
| Tree of Life | 1 | |
| Chimaera Roost | 1 | |
16 total
» build order
00:07 Altar of Elders
00:26 Moon Well
00:40 Moon Well
01:38 Ancient of War
03:01 Hunter's Hall
03:06 Moon Well
04:03 Moon Well
04:11 Ancient Protector
05:04 Tree of Ages
05:28 Ancient of Wonders
07:50 Tree of Eternity
08:06 Ancient of Lore
10:53 Ancient of Wind
11:18 Tree of Life
12:52 Chimaera Roost
14:26 Ancient of Wind

»
recoboxx (
purple | 135 APM | 3451 actions | 25:37)
9 Demon Hunter
3 Mana Burn
3 Evasion
2 Metamorphosis
1 Immolation
3 Priestess of the Moon
2 Trueshot Aura
1 Searing Arrows
» actions
| Assign group hotkey | 127 | |
| Basic commands | 281 | |
| Build / train | 129 | |
| Enter build submenu | 19 | |
| Enter hero's abilities submenu | 12 | |
| Give item / drop item | 2 | |
| Remove unit from queue | 2 | |
| Right click | 1030 | |
| Select / deselect | 853 | |
| Select group hotkey | 894 | |
| Use ability | 102 | |
3451 total
» units
| Wisp | 26 | |
| Archer | 25 | |
| Huntress | 5 | |
| Druid of the Claw | 21 | |
| Dryad | 8 | |
| Hippogryph | 4 | |
89 total
» upgrades
| Druid of the Claw Training | 2 | |
| Marksmanship | 1 | |
| Well Spring | 1 | |
4 total
» buildings
| Altar of Elders | 1 | |
| Moon Well | 6 | |
| Ancient of War | 1 | |
| Hunter's Hall | 1 | |
| Tree of Ages | 3 | |
| Tree of Life | 2 | |
| Ancient Protector | 5 | |
| Tree of Eternity | 3 | |
| Ancient of Lore | 1 | |
| Ancient of Wonders | 1 | |
24 total
» build order
00:06 Altar of Elders
00:11 Moon Well
00:47 Ancient of War
01:31 Moon Well
02:15 Hunter's Hall
02:34 Moon Well
04:11 Tree of Ages
04:11 Tree of Ages
04:12 Tree of Ages
04:43 Tree of Life
05:10 Ancient Protector
06:14 Moon Well
06:35 Tree of Eternity
06:35 Tree of Eternity
06:36 Tree of Eternity
07:42 Ancient of Lore
08:07 Tree of Life
08:19 Ancient of Wonders
08:56 Ancient Protector
09:20 Ancient Protector
10:16 Ancient Protector
12:34 Ancient Protector
14:44 Moon Well
24:37 Moon Well
» items
| Scroll of Town Portal | 1 | |
| Potion of Healing | 5 | |
| Orb of Fire | 1 | |
| Scroll of Regeneration | 1 | |
8 total
CwG~Onix (
brown | 54 APM | 1377 actions | 25:37)
7 Archmage
3 Summon Water Elemental
3 Brilliance Aura
1 Mass Teleport
5 Mountain King
3 Storm Bolt
1 Thunder Clap
1 Bash
» actions
| Assign group hotkey | 31 | |
| Basic commands | 101 | |
| Build / train | 67 | |
| Enter build submenu | 20 | |
| Enter hero's abilities submenu | 15 | |
| Remove unit from queue | 2 | |
| Right click | 489 | |
| Select / deselect | 263 | |
| Select group hotkey | 286 | |
| Use ability | 103 | |
1377 total
» units
| Peasant | 9 | |
| Footman | 5 | |
| Rifleman | 7 | |
| Priest | 1 | |
| Gryphon Rider | 4 | |
| Knight | 3 | |
| Spell Breaker | 2 | |
| Sorceress | 1 | |
| Dragonhawk Rider | 2 | |
34 total
» upgrades
| Animal War Training | 1 | |
| Storm Hammers | 1 | |
2 total
» buildings
| Altar of Kings | 1 | |
| Farm | 11 | |
| Barracks | 1 | |
| Scout Tower | 1 | |
| Arcane Tower | 2 | |
| Arcane Vault | 1 | |
| Keep | 2 | |
| Blacksmith | 1 | |
| Lumber Mill | 1 | |
| Gryphon Aviary | 1 | |
| Castle | 2 | |
| Arcane Sanctum | 2 | |
26 total
» build order
00:09 Altar of Kings
00:28 Farm
00:29 Barracks
00:58 Farm
01:48 Scout Tower
02:04 Farm
02:34 Arcane Tower
02:34 Arcane Tower
02:41 Farm
02:57 Arcane Vault
03:29 Keep
03:30 Keep
04:38 Blacksmith
04:43 Lumber Mill
06:03 Farm
06:04 Farm
06:37 Gryphon Aviary
06:52 Castle
06:52 Castle
07:25 Arcane Sanctum
07:26 Arcane Sanctum
08:26 Farm
11:32 Farm
11:34 Farm
11:36 Farm
14:30 Farm
» items
| Scroll of Regeneration | 2 | |
| Potion of Healing | 1 | |
| Lesser Clarity Potion | 2 | |
5 total
Chat log
(03:49 / Allies) ATempT: bora aki
(04:03 / Allies) debinhalencar: aki
(07:00 / Allies) debinhalencar: traz
(07:03 / Allies) ATempT: af
(07:19 / Allies) debinhalencar: b
(07:50 / Allies) ATempT: maxu em 1 s
(07:52 / Allies) ATempT: n vejo mais
(07:54 / Allies) ATempT: azulzim
(08:00 / Allies) debinhalencar: ..
(08:15 / Allies) debinhalencar: vao subir ai
(08:17 / Allies) debinhalencar: e tu vai perder
(08:18 / Allies) debinhalencar: a mina
(08:42 / Allies) _NIKOLLAS_: help
(08:48 / Allies) debinhalencar: madeira
(08:57 / Allies) debinhalencar: vai
(08:58 / Allies) debinhalencar: wood
(09:01 / Allies) debinhalencar: pra tore
(09:40 / Allies) ATempT: nnn
(09:40 / Allies) ATempT: n
(09:40 / Allies) ATempT: n
(09:41 / Allies) ATempT: n
(09:41 / Allies) ATempT: n
(09:44 / Allies) ATempT: se fude
(09:48 / Allies) _NIKOLLAS_: aaaa
(10:22 / Allies) debinhalencar: wood
(10:23 / Allies) debinhalencar: ta 200
(14:17 / Allies) debinhalencar: BORA PORRA!!!
(14:21 / Allies) debinhalencar: AH!!!
(15:11 / Allies) debinhalencar: madeira!
(16:49 / Allies) ATempT: hero
(16:50 / Allies) ATempT: do cara
(16:51 / Allies) ATempT: parado
(16:51 / Allies) ATempT: pqp
(18:20 / Allies) debinhalencar: mermao
(18:32 / Allies) ATempT: maxu q porra eh essa em
(18:39 / Allies) _NIKOLLAS_: sairam?
(18:56 / Allies) debinhalencar: ate shop eu fiz
(18:57 / Allies) debinhalencar: tumar no cu
(19:01 / Allies) _NIKOLLAS_: kd vcs?
(19:25 / Allies) debinhalencar: boa!
(19:43 / Allies) ATempT: tira maxu
(19:44 / Allies) ATempT: aff
(19:46 / Allies) _NIKOLLAS_: vcs sairam
(19:47 / Allies) _NIKOLLAS_: af
(19:50 / Allies) _NIKOLLAS_: f
(20:53 / Allies) debinhalencar: !
(22:01 / Allies) debinhalencar: mina donw
(22:02 / Allies) debinhalencar: fexar
(22:03 / Allies) debinhalencar: as exp
(22:05 / Allies) debinhalencar: da avolta
(22:22 / Allies) _NIKOLLAS_: pego essa aki?
(22:47 / Allies) _NIKOLLAS_: pego?
(23:10 / Allies) ATempT: ja era
(23:12 / Allies) ATempT: minha mina cabo
(23:27 / Allies) ATempT: sai
(23:34 / Allies) ATempT: ah maxu
(23:36 / Allies) ATempT: micro zero
(23:37 / Allies) ATempT: n da